[Event "*** Titled Tuesday Blitz"]
[Site "Chess.com"]
[Date "2018.06.05"]
[Round "6"]
[White "Jungle_Jaguar"]
[Black "BlackBoarder"]
[Result "1/2-1/2"]
[WhiteElo "2440"]
[BlackElo "2264"]
[TimeControl "180+2"]
[EndTime "14:31:24 PDT"]
[Termination "Game drawn - insufficient material"]

1. e4 e6 2. d4 d5 3. Nc3 Bb4 4. Ne2 dxe4 5. a3 Be7 6. Nxe4 Nf6 7.
Nxf6+ Bxf6 8. c3 O-O 9. Ng3 Nd7 10. Bd3 c5 11. O-O cxd4 12. cxd4 Nb6 13. Be3 Nd5 14.
Nh5 b6 15. Qf3 Bb7 16. Qh3 g6 17. Ng3 Bg7 18. Rad1 Rc8 19. Ne4 Qd7 20. Ng5 Nf6 21. Be2 Rfd8 22. Bf3 Bxf3 23. Nxf3 Rc2 24. Rd2 Rdc8 25.
Ne5 Qd5 26. Qf3 Qxf3 27. Nxf3 Nd5 28. Rfd1 Rxd2 29. Bxd2 Rc2 30. b4 Ra2 31. Rc1 Rxa3 32. Rc8+ Bf8 33. h4 Kg7 34. Ne5 Bxb4 35. Bxb4 Nxb4 36.
Rc7 a5 37. Rxf7+ Kg8 38. Rb7 Nd5 39. g4 a4 40. h5 gxh5 41. gxh5 Rh3 42. Ra7 Rxh5 43.
Rxa4 Kg7 44. Ra7+ Kf6 45. Rf7+ Kg5 46. Kg2 Rh6 47. Kg3 Rh1 48. Nf3+ Kh6 49. Rf8 b5 50.
Re8 b4 51. Rxe6+ Kg7 52. Rd6 Nc3 53. Rb6 Rb1 54. Rb7+ Kh6 55. Ne5 Ne4+ 56. Kf3 Nd2+ 57. Ke2 Ne4 58. f3 Nc3+ 59. Kd3 Nd5 60. Kc4 Ne3+ 61. Kd3 Nd5 62. Rb5 Nc7 63. Rb6+ Kg5 64. Kc4 h5 65. Nd3 h4 66. Nf2 Kf4 67. Rf6+ Kg3 68.
Ne4+ Kg2 69. Ng5 h3 70. Nxh3 Kxh3 71. Rf7 Kg3 72. d5 b3 73. d6 Ne6 74. Kd5 Rd1+ 75.
Kxe6 b2 76. Rb7 b1=Q 77. Rxb1 Rxb1 78. d7 Rd1 79. Ke7 Kxf3 80. d8=Q Rxd8 81. Kxd8 1/2-1/2

[Event "*** Titled Tuesday Blitz"]
[Site "Chess.com"]
[Date "2018.06.05"]
[Round "6"]
[White "IMAghasiyevKamal"]
[Black "hansen"]
[Result "0-1"]
[WhiteElo "2475"]
[BlackElo "2767"]
[TimeControl "180+2"]
[EndTime "14:31:25 PDT"]
[Termination "hansen won on time"]

1. d4 Nf6 2. c4 e6 3. Nc3 Bb4 4. e3 O-O 5. Ne2 d5 6. a3 Be7 7. cxd5 exd5 8. Nf4 c6 9. Bd3 Na6 10. O-O Nc7 11. b4 Bd6 12. Rb1 a6 13. h3 Re8 14.
Qf3 Qe7 15. Bb2 a5 16. bxa5 Bxa3 17. Na4 Rxa5 18. Bxa3 Qxa3 19. Nc5 Ra7 20. Qg3 b5 21. Ra1 Qxa1 22. Rxa1 Rxa1+ 23. Kh2 Ra7 24. Ne2 Ne6 25. Qd6 Nxc5 26. dxc5 Bd7 27. Nd4 Rc8 28. f3 b4 29.
g4 h6 30. h4 Ra3 31. Bf5 Bxf5 32. Nxf5 Re8 33. g5 hxg5 34. hxg5 Re6 35. Qb8+ Ne8 36. Qxb4 Raxe3 37. Nxe3 Rxe3 38. Kg3 g6 39. Qb7 Re6 40.
Qd7 Ng7 41. Kf4 Nf5 42. Qc8+ Kg7 43. Qa8 d4 44. Qa1 Re7 45. Qa6 Re6 46. Qa1 Kg8 47.
Qa8+ Kg7 48. Qa1 Re8 49. Qa6 d3 50. Qxc6 Re2 51. Qf6+ Kg8 52. Qd8+ Kg7 53. Qxd3 Re6 54. Qd5 Ne7 55. Qd4+ Kg8 56. Qd8+ Kg7 57. Qd7 Kg8 58. Kg4 Kg7 59. Qd4+ Kg8 60. Qc3 Nc6 61. Qa3 Ne5+ 62. Kg3 Nc6 63. Qa8+ Kg7 64. f4 Re3+ 65. Kg4 Re6 66.
Qa1+ Kg8 67. Qd1 Kg7 68. Qd7 Kg8 69. Qc8+ Kg7 70. Qc7 Kg8 71. f5 Ne5+ 72. Kf4 Nd3+ 73. Kg3 Re3+ 0-1

[Event "*** Titled Tuesday Blitz"]
[Site "Chess.com"]
[Date "2018.06.05"]
[Round "6"]
[White "LuisFSiles"]
[Black "KRASAVCHIK2002"]
[Result "0-1"]
[WhiteElo "2139"]
[BlackElo "2228"]
[TimeControl "180+2"]
[EndTime "14:31:32 PDT"]
[Termination "KRASAVCHIK2002 won by resignation"]

1. e4 c5 2. Nf3 d6 3. d4 cxd4 4. Nxd4 Nf6 5. Nc3 a6 6. Be3 e5 7. Nf3 Be7 8. Bc4 O-O 9. O-O Nbd7 10. Bg5 b5 11. Bxf6 Nxf6 12. Bd5 Rb8 13. a3 Be6 14.
Qd3 Qc8 15. Rac1 h6 16. Rfe1 Qc5 17. Red1 Rfc8 18. Rd2 a5 19. h3 b4 20. axb4 axb4 21.
Ne2 Bxd5 22. exd5 e4 23. Qb3 exf3 24. Qxf3 Nd7 25. Ng3 Bg5 26. Ne4 Qb6 27. Nxg5 hxg5 28. Qf5 Ne5 29. Qxg5 b3 30. c3 Nc4 31. Rd4 Ne5 32.
h4 Qd8 33. Qg3 Qf6 34. Re1 Rc4 35. Ree4 Rxd4 36. Rxd4 Ra8 37. f4 Ng6 38. h5 Nh4 39. Qg5 Rb8 40. Kf2 Nf5 41. Qxf6 gxf6 42. Ra4 Rb5 43. c4 Rb8 44. g4 Nd4 45. Ke3 Nc2+ 46.
Kd3 Ne1+ 47. Ke2 Ng2 48. Kf3 Ne1+ 49. Ke2 Nc2 50. Kd3 Re8 51. Ra7 Re3+ 52. Kd2 Rg3 53. g5 fxg5 54. fxg5 Nd4 55. Ra8+ Kg7 56. h6+ Kh7 57.
Rf8 Nf3+ 58. Kc3 Nxg5+ 59. Kb4 Kxh6 60. Rd8 Ne4 61. Rh8+ Kg7 62. Rh4 f5 63. Kb5 Kf6 64. Kc6 Ke5 65. Rh6 f4 66. Re6+ Kd4 67. c5 Nxc5 68. Rxd6 Ne4 69. Rd8 f3 70. d6 f2 71.
Rf8 Rg6 72. Rf4 Rxd6+ 0-1

[Event "*** Titled Tuesday Blitz"]
[Site "Chess.com"]
[Date "2018.06.05"]
[Round "6"]
[White "savinspm"]
[Black "blitzcopter"]
[Result "0-1"]
[WhiteElo "2126"]
[BlackElo "2095"]
[TimeControl "180+2"]
[EndTime "14:31:40 PDT"]
[Termination "blitzcopter won by resignation"]

1. e4 c6 2. d4 d5 3. e5 Bf5 4.
Bd3 Bxd3 5. Qxd3 e6 6. f4 Ne7 7. Nf3 Qa5+ 8. c3 Qa6 9. Qe2 Qxe2+ 10. Kxe2 h5 11. g3 Nf5 12. Be3 Nd7 13. Nbd2 c5 14. Bf2 Be7 15. h3 cxd4 16. cxd4 Bb4 17. Nb3 O-O-O 18.
a3 Bf8 19. g4 Nh6 20. Rag1 f6 21. Nc1 Kb8 22. Nd3 Rc8 23. Kd2 Be7 24. exf6 gxf6 25.
g5 fxg5 26. fxg5 Nf5 27. Nfe5 Nxe5 28. Nxe5 Rhg8 29. h4 Bd6 30. Re1 Kc7 31. Rc1+ Kb8 32. Rxc8+ Kxc8 33. Re1 Bxe5 34. Rxe5 Kd7 35. Re1 Nd6 36.
Re2 Rf8 37. Kd3 Rf3+ 38. Be3 Nc4 39. b3 Nxa3 40. g6 Rg3 41. Rf2 Rxg6 42. Rf7+ Kc6 43.
Rh7 Rg3 44. Rxh5 b5 45. Rh7 a5 46. h5 a4 47. bxa4 Nc4 48. axb5+ Kxb5 49. Re7 Rxe3+ 50.
Kc2 Re2+ 51. Kc3 Rh2 52. Rxe6 Rxh5 53. Re8 Nd6 54. Rd8 Kc6 55. Kc2 Rh3 56. Kd2 Nc4+ 57. Kc2 Rh2+ 58. Kc3 Rh3+ 59. Kc2 Nd6 60. Kd2 Nb5 61.
Rc8+ Kd6 62. Rd8+ Ke6 63. Re8+ Kd7 64. Re5 Kd6 65. Re8 Nxd4 66. Rd8+ Ke5 67. Re8+ Ne6 68. Re7 d4 69. Rd7 Nc5 70. Re7+ Kd6 71. Re8 Kd5 72.
Rd8+ Kc4 73. Rc8 Rh2+ 74. Ke1 Kd5 75. Rd8+ Ke4 76. Rc8 Nd3+ 77. Kd1 Ne5 78. Re8 Kd3 79. Ke1 Nf3+ 80. Kf1 Rd2 81. Re2 Rd1+ 82. Kf2 Ng5 83. Re8 Ne4+ 84. Kf3 Rf1+ 85. Kg2 Rf2+ 86. Kg1 Re2 87. Rc8 Ke3 88. Re8 d3 89. Kf1 Rf2+ 90.
Ke1 d2+ 91. Kd1 Rf1+ 92. Kc2 d1=Q+ 0-1

[Event "*** Titled Tuesday Blitz"]
[Site "Chess.com"]
[Date "2018.06.05"]
[Round "6"]
[White "VitaliyBernadskiy"]
[Black "Raja3401"]
[Result "1/2-1/2"]
[WhiteElo "2645"]
[BlackElo "2406"]
[TimeControl "180+2"]
[EndTime "14:31:42 PDT"]
[Termination "Game drawn by stalemate"]

1. e4 c5 2. Nc3 d6 3. Nf3 Nf6 4. e5 dxe5 5. Nxe5 Nbd7 6. Bb5 e6 7. d4 a6 8. Bxd7+ Nxd7 9. Qh5 Nxe5 10. dxe5 g6 11. Qf3 Bg7 12. Ne4 Bxe5 13. Bg5 Qa5+ 14. Bd2 Qb6 15. Bc3 Bxc3+ 16. Qxc3 Qb4 17. Nxc5 Qxc3+ 18. bxc3 b6 19. Na4 b5 20. Nc5 Ra7 21. a4 Rc7 22. Ne4 Bb7 23. Nd6+ Ke7 24. Nxb7 Rxb7 25. axb5 axb5 26. Kd2 Rd8+ 27. Kc1 Rc7 28. Ra3 Rd5 29.
Rd1 Rdc5 30. Kb2 b4 31. cxb4 Rxc2+ 32. Kb3 Rxf2 33. b5 Rf5 34. Kb4 Rf4+ 35. Kb3 Rd7 36. Rxd7+ Kxd7 37. Ra7+ Kd6 38. g3 Rd4 39. Rxf7 h5 40. b6 Kc6 41. b7 Rd8 42. Re7 Kd6 43. Rg7 Rb8 44. Kc4 Kc6 45. Rxg6 Rxb7 46. Rxe6+ Kd7 47.
Rh6 Rb2 48. Rxh5 Ke6 49. Kd4 Kf6 50. h4 Rb4+ 51. Ke3 Rb3+ 52. Kf2 Rb2+ 53. Kf3 Rb3+ 54.
Kg4 Rb4+ 55. Kh3 Rb3 56. Rg5 Ra3 57. Rg4 Ra1 58. Rb4 Rh1+ 59. Kg4 Ra1 60. Rb6+ Kg7 61. Rb5 Kg6 62. h5+ Kh6 63. Rb6+ Kh7 64. Kh4 Rh1+ 65.
Kg5 Ra1 66. Rb7+ Kg8 67. g4 Ra5+ 68. Kh4 Ra4 69. h6 Kh8 70. Kh5 Ra1 71. g5 Ra5 72. Rf7 Rc5 73. Kg6 Rc6+ 74. Rf6 Rc8 75. h7 Rc6 76.
Kf5 Rc5+ 77. Kg6 Rc6 78. Kf7 Rc7+ 79. Ke6 Rc6+ 80. Ke7 Rc7+ 81. Ke8 Rc8+ 82. Kd7 Ra8 83. g6 Ra7+ 84. Ke6 Ra6+ 85. Kf5 Rxf6+ 86. Kxf6 1/2-1/2

[Event "*** Titled Tuesday Blitz"]
[Site "Chess.com"]
[Date "2018.06.05"]
[Round "6"]
[White "TheCount"]
[Black "pKiLz5Rn9b"]
[Result "1-0"]
[WhiteElo "2545"]
[BlackElo "2629"]
[TimeControl "180+2"]
[EndTime "14:32:15 PDT"]
[Termination "TheCount won by resignation"]

1. d4 d5 2. c4 e6 3. Nc3 Nf6 4. Bf4 Be7 5. e3 O-O 6. a3 b6 7. Nb5 Na6 8. Nf3 Bb7 9. Rc1 c6 10.
Nc3 c5 11. cxd5 exd5 12. dxc5 bxc5 13. Be2 Nc7 14. O-O Ne6 15. Be5 Rc8 16. Qa4 Qb6 17.
Qb5 Rfd8 18. h3 Nd7 19. Bg3 Bc6 20. Qxb6 axb6 21. Rfd1 Nf6 22. Ne5 Bb7 23. Na4 Ne4 24. Nxb6 Nxg3 25. fxg3 Rc7 26. Bf3 Bf6 27. Nd3 c4 28.
Nb4 Bxb2 29. Rc2 c3 30. N6xd5 Rcd7 31. Nxc3 Rxd1+ 32. Nxd1 Bxf3 33. Nxb2 Be4 34. Rc4 Bb7 35. N2d3 g5 36. a4 Ra8 37. Nc2 Ba6 38. Rc3 Bxd3 39. Rxd3 Rxa4 40. Nd4 Nc5 41. Rd1 Kg7 42. g4 Ne4 43.
Nf5+ Kf6 44. Rc1 h5 45. Rc6+ Ke5 46. Rc7 hxg4 47. hxg4 Nf6 48. Re7+ Kd5 49. Rxf7 Nxg4 50. e4+ Rxe4 51. Ng3 Re3 52. Rf5+ Ke6 53. Rf3 Re5 54.
Nf1 Re1 55. Rg3 Kf5 56. Rf3+ Kg6 57. Rg3 Nf6 58. Re3 Ra1 59. Rf3 Nd5 60. Kh2 g4 61. Rf8 Re1 62. Ng3 Nf6 63. Rb8 Nd7 64. Rd8 Ne5 65. Rg8+ Kf7 66. Rg5 Ke6 67. Rg8 Kd5 68. Rd8+ Kc4 69. Rc8+ Kb5 70. Rb8+ Kc6 71. Rg8 Rd1 72.
Rg5 Rd5 73. Ne4 Ra5 74. Kg3 Ra3+ 75. Kf4 Nd3+ 76. Kxg4 Kd7 77. Nc5+ Nxc5 78. Rxc5 Ke6 79. Rf5 Ra2 80. g3 Ra8 81. Rf4 Rg8+ 82. Kf3 Rg5 83. g4 Ra5 84. Kg3 Ra3+ 85. Kh4 Ke5 86. Rf5+ Ke6 87.
Rf1 Ra7 88. Kh5 Ke7 89. g5 Ra2 90. Kh6 1-0

[Event "*** Titled Tuesday Blitz"]
[Site "Chess.com"]
[Date "2018.06.05"]
[Round "6"]
[White "rubhani"]
[Black "jlucasvf"]
[Result "1-0"]
[WhiteElo "2442"]
[BlackElo "2259"]
[TimeControl "180+2"]
[EndTime "14:32:35 PDT"]
[Termination "rubhani won on time"]

1. e4 e5 2. Nf3 Nc6 3. Bb5 a6 4.
Ba4 d6 5. c3 Bd7 6. O-O g6 7. d4 Bg7 8. h3 Nf6 9. Bc2 O-O 10. Be3 b5 11. Nbd2 Re8 12. dxe5 Nxe5 13. Nxe5 dxe5 14. Nb3 Bc6 15. f3 Qc8 16. Na5 Bd7 17.
b4 Nh5 18. Bb3 Be6 19. c4 Bf8 20. c5 c6 21. a4 Qc7 22. Bxe6 Rxe6 23. axb5 axb5 24.
Nb3 Rd8 25. Qc2 Nf4 26. Rfd1 Ree8 27. Rxd8 Rxd8 28. Rd1 Ne6 29. Rd3 Be7 30. Qd2 Kf8 31. Na5 Rxd3 32. Qxd3 Nxc5 33. Bxc5 Bxc5+ 34. bxc5 Qxa5 35. Qd6+ Kg8 36. Qxc6 Qa1+ 37. Kh2 b4 38. Qe8+ Kg7 39. c6 Qc3 40. Qd7 b3 41. c7 b2 42. c8=Q Qxc8 43. Qxc8 b1=Q 44. Qc3 Qb5 45. f4 Kf6 46. Kg3 h5 47. h4 Ke6 48. Qc8+ Kf6 49. Qd8+ Kg7 50.
Qd6 exf4+ 51. Qxf4 Qd3+ 52. Kh2 Qc3 53. e5 Qc6 54.
Kh3 Kf8 55. Kh2 Ke7 56. Qg5+ Kd7 57. Qf4 Qd5 58. Qf6 Qe6 59. Qf4 Kc6 60. Qd4 Qd5 61. Qf4 Kc5 62. Kg3 Qe6 63. Qe4 Qb3+ 64. Kf4 Qc3 65. Kg5 Qg3+ 66. Kf6 Qf2+ 67. Kg7 Kb6 68. e6 fxe6 69. Qxe6+ Kc5 70. Qe5+ Kc4 71. Qe4+ Kc3 72. Kxg6 Qg3+ 73. Kxh5 Qg7 74. g4 Qh8+ 75. Kg5 Qd8+ 76.
Kg6 Qxh4 77. Qe5+ Kb3 78. g5 Ka3 79. Kg7 Qg4 80. g6 Qd7+ 81. Kg8 Qd8+ 82. Kf7 Qd3 83. g7 Qh7 84. Kf8 Qh6 85. Kf7 Qh7 86. Qg5 Ka2 87.
Kf8 Ka1 88. g8=Q Qc2 89. Qg1+ Kb2 90. Q1g2 Ka1 91. Q8g7+ Qc3 92. Qxc3+ 1-0

[Event "*** Titled Tuesday Blitz"]
[Site "Chess.com"]
[Date "2018.06.05"]
[Round "6"]
[White "bascheyaro"]
[Black "RiskyDecision"]
[Result "1/2-1/2"]
[WhiteElo "2663"]
[BlackElo "2514"]
[TimeControl "180+2"]
[EndTime "14:32:35 PDT"]
[Termination "Game drawn by agreement"]

1. d4 Nf6 2. Nf3 d5 3. Bf4 c5 4. e3 Nc6 5. Be2 cxd4 6. exd4 Bf5 7. O-O e6 8. c3 Bd6 9. Bxd6 Qxd6 10. Nbd2 h6 11.
Bb5 O-O 12. Re1 Ne7 13. Ne5 a6 14. Bd3 b5 15. a3 Qb6 16. Nb3 Bxd3 17. Qxd3 Nf5 18. Nc5 Rfc8 19. b4 Nd6 20. a4 a5 21.
bxa5 Qxa5 22. f3 bxa4 23. Rxa4 Qb5 24. Rxa8 Rxa8 25. Qc2 Rb8 26. g4 Nc4 27. Ned3 Nd7 28. Nxd7 Qxd7 29. Nc5 Qd6 30. Nd3 Qa3 31. Kf2 Nb2 32. Kg3 Nxd3 33. Qxd3 Rb3 34. Re3 Qa2 35. Re2 Rxc3 36. Qxc3 Qxe2 37. h4 Qd1 38. h5 Qg1+ 39. Kh3 Qd1 40. Kg3 Qg1+ 41. Kh3 Qb1 42. Kg3 Kh7 43.
Kg2 g6 44. hxg6+ Kxg6 45. Qe3 Qc2+ 46. Kg3 Qb1 47. Kg2 Qc2+ 48. Kg3 Kg7 49. Qe5+ Kh7 50. Qf6 Qg6 51. Qe7 Qg7 52. Qc5 h5 53. Qc2+ Qg6 54. Qh2 Kh6 55. Qd2+ Qg5 56. Qe1 hxg4 57. fxg4 Kg6 58.
Qb1+ f5 59. Qb6 Qxg4+ 60. Kf2 Qf4+ 61. Ke2 Qe4+ 62. Kf2 f4 63. Qa7 Qe3+ 64. Kf1 f3 65. Qf7+ Kg5 66. Qh5+ Kf4 67. Qh6+ Ke4 68. Qxe6+ Kxd4 69. Qb6+ Ke4 70. Qg6+ Kd4 71. Qb6+ Kd3 72. Qb1+ Kc4 73. Qb4+ Kd3 74. Qc3+ Ke4 75. Qe5+ Kd3 76.
Qxd5+ Kc3 77. Qc6+ Kd2 78. Qc1+ Kd3 79. Qc3+ Ke4 80.
Qe5+ Kd3 81. Qb5+ Kd4 82. Qb4+ Ke5 83. Qe7+ Kf4 84. Qf6+ Ke4 85. Qe6+ Kd3 86. Qd5+ Kc3 87. Qb3+ Kd2 88. Qb2+ Kd3 89. Qb1+ Kd4 90. Qb6+ Ke4 91.
Qc6+ Kd4 92. Qd6+ Ke4 93. Qe7+ Kd3 94. Qa3+ Ke4 95. Qa8+ Kf4 96. Qf8+ Ke4 97. Qe7+ Kd3 1/2-1/2

[Event "*** Titled Tuesday Blitz"]
[Site "Chess.com"]
[Date "2018.06.05"]
[Round "7"]
[White "Arash-Tiger"]
[Black "petrpalachev"]
[Result "0-1"]
[WhiteElo "2786"]
[BlackElo "2719"]
[TimeControl "180+2"]
[EndTime "14:34:43 PDT"]
[Termination "petrpalachev won by resignation"]

1. e4 c5 2. Nf3 Nc6 3. d4 cxd4 4. Nxd4 g6 5. c4 Nf6 6. Nc3 Nxd4 7. Qxd4 d6 8. Be3 Bg7 9. f3 O-O 10. Qd2 a5 11. b3 Be6 12. Rc1 Nd7 13. Be2 Nc5 14.
O-O Qb6 15. Nd5 Bxd5 16. cxd5 Qb4 17. Rfd1 0-1

[Event "*** Titled Tuesday Blitz"]
[Site "Chess.com"]
[Date "2018.06.05"]
[Round "7"]
[White "GMCanty"]
[Black "VeraNebolsina"]
[Result "1-0"]
[WhiteElo "2202"]
[BlackElo "2321"]
[TimeControl "180+2"]
[EndTime "14:35:12 PDT"]
[Termination "GMCanty won by resignation"]

1. e4 c5 2. c3 Nf6 3. e5 Nd5 4. Nf3 d6 5. d4 cxd4 6. cxd4 Nc6 7. Nc3 Nxc3 8. bxc3 dxe5 9. d5 Na5 10. Bb5+ Bd7 11. Qa4 1-0

[Event "*** Titled Tuesday Blitz"]
[Site "Chess.com"]
[Date "2018.06.05"]
[Round "7"]
[White "Manukyan_Artak"]
[Black "Colombiano07"]
[Result "1/2-1/2"]
[WhiteElo "2348"]
[BlackElo "2248"]
[TimeControl "180+2"]
[EndTime "14:35:29 PDT"]
[Termination "Game drawn by repetition"]

1. e4 c5 2. Nf3 Nc6 3. c3 Nf6 4.
e5 Nd5 5. d4 cxd4 6. cxd4 e6 7.
Nc3 d6 8. Bd3 Be7 9. O-O O-O 10.
Ne4 dxe5 11. dxe5 Ndb4 12. Bb1 Qxd1 13. Rxd1 b6 14. Bg5 Nd5 15. Bxe7 Ncxe7 16. Nd6 Bd7 17. g3 Nc8 18. Ne4 Bc6 19. a3 Nce7 20.
Nd6 Nc8 21. Ne4 Nce7 22. Nd6 Nc8 23. Ne4 Nce7 1/2-1/2

[Event "*** Titled Tuesday Blitz"]
[Site "Chess.com"]
[Date "2018.06.05"]
[Round "7"]
[White "Raja3401"]
[Black "Godzillator"]
[Result "1/2-1/2"]
[WhiteElo "2403"]
[BlackElo "2266"]
[TimeControl "180+2"]
[EndTime "14:35:39 PDT"]
[Termination "Game drawn by repetition"]

1. e4 c6 2. Nf3 d5 3. Nc3 Bg4 4.
h3 Bxf3 5. Qxf3 Nf6 6. d4 dxe4 7.
Nxe4 Qxd4 8. Bd3 Nxe4 9. Bxe4 Nd7 10. O-O Qf6 11. Qg3 Qe5 12. Qf3 Qf6 13. Qg3 Qe5 14. Qf3 Qf6 1/2-1/2

[Event "*** Titled Tuesday Blitz"]
[Site "Chess.com"]
[Date "2018.06.05"]
[Round "7"]
[White "chesstatour"]
[Black "Triumphmate"]
[Result "1-0"]
[WhiteElo "2065"]
[BlackElo "2140"]
[TimeControl "180+2"]
[EndTime "14:35:46 PDT"]
[Termination "chesstatour won by checkmate"]

1. c4 Nf6 2. Nc3 e6 3. e4 d5 4. e5 Nfd7 5. cxd5 exd5 6. d4 c6 7. Bd3 Be7 8. f4 f6 9. Qh5+ Kf8 10. e6 g6 11. Qh6+ Ke8 12. Qg7 Rf8 13.
Bxg6+ hxg6 14. Qxg6+ Rf7 15. Qxf7# 1-0

[Event "*** Titled Tuesday Blitz"]
[Site "Chess.com"]
[Date "2018.06.05"]
[Round "7"]
[White "NDePinEsPeRG"]
[Black "Aleksandr_Kholin"]
[Result "1-0"]
[WhiteElo "2631"]
[BlackElo "2430"]
[TimeControl "180+2"]
[EndTime "14:36:09 PDT"]
[Termination "NDePinEsPeRG won by resignation"]

1. d4 Nf6 2. Bf4 g6 3. Nc3 Bg7 4.
Qd2 d5 5. Bh6 O-O 6. h4 Bxh6 7.
Qxh6 Nc6 8. Nf3 Ng4 9. Qd2 h5 10. e3 Bf5 11. a3 a6 12. Ng5 Qd6 13. O-O-O f6 14. Nh3 b6 15. f3 Nh6 16. e4 Bxh3 17.
Qxh6 1-0

[Event "*** Titled Tuesday Blitz"]
[Site "Chess.com"]
[Date "2018.06.05"]
[Round "7"]
[White "FranklinAPalomo"]
[Black "Jungle_Jaguar"]
[Result "1-0"]
[WhiteElo "2348"]
[BlackElo "2430"]
[TimeControl "180+2"]
[EndTime "14:36:19 PDT"]
[Termination "FranklinAPalomo won by resignation"]

1. Nf3 Nf6 2. c4 g6 3. g3 Bg7 4. Bg2 O-O 5. O-O d6 6. d4 Nbd7 7. Nc3 c6 8. h3 e5 9. e4 Qc7 10.
Re1 Rd8 11. Be3 Nf8 12. Qc2 Be6 13. b3 exd4 14. Nxd4 N6d7 15. Rad1 a5 16. Kh2 Nc5 17. f4 h5 18. Qf2 Qe7 19. e5 dxe5 20. Nxc6 bxc6 21.
Bxc5 Qc7 22. Bb6 1-0

[Event "*** Titled Tuesday Blitz"]
[Site "Chess.com"]
[Date "2018.06.05"]
[Round "7"]
[White "SergeiAza"]
[Black "Abund"]
[Result "1-0"]
[WhiteElo "2629"]
[BlackElo "2512"]
[TimeControl "180+2"]
[EndTime "14:36:32 PDT"]
[Termination "SergeiAza won by resignation"]

1. e4 c6 2. d4 d5 3. Nd2 dxe4 4. Nxe4 Bf5 5. Ng3 Bg6 6. Nh3 h6 7. Nf4 Bh7 8. Bc4 Nf6 9. O-O e6 10. Re1 Nd5 11. Qh5 Nf6 12. Rxe6+ Be7 13. Rxf6 g6 14.
Qe2 O-O 15. Rxg6+ Bxg6 16. Nxg6 Re8 17. Ne5 Bg5 18. Bxf7+ 1-0

[Event "*** Titled Tuesday Blitz"]
[Site "Chess.com"]
[Date "2018.06.05"]
[Round "7"]
[White "GMSrinath"]
[Black "grzechu96"]
[Result "1-0"]
[WhiteElo "2679"]
[BlackElo "2504"]
[TimeControl "180+2"]
[EndTime "14:36:44 PDT"]
[Termination "GMSrinath won by resignation"]

1. e4 c5 2. Nf3 d6 3. d4 cxd4 4. Nxd4 Nf6 5. Nc3 a6 6. h3 e6 7. g4 Nfd7 8. Bg2 Nc6 9. Be3 Be7 10. O-O Nce5 11. b3 Ng6 12. f4 Nh4 13. Bh1 O-O 14. Nce2 Qc7 15. c4 Re8 16. Rc1 Bf8 17. Bf2 Ng6 18.
f5 Nge5 19. Nf4 Nb8 20. g5 1-0

[Event "*** Titled Tuesday Blitz"]
[Site "Chess.com"]
[Date "2018.06.05"]
[Round "7"]
[White "pKiLz5Rn9b"]
[Black "PrinceMurad09"]
[Result "1-0"]
[WhiteElo "2633"]
[BlackElo "2420"]
[TimeControl "180+2"]
[EndTime "14:36:51 PDT"]
[Termination "pKiLz5Rn9b won by checkmate"]

1. e4 c5 2. Nf3 d6 3. c3 Nf6 4. Be2 e5 5. O-O Be7 6. d4 Qc7 7. Nbd2 O-O 8. Bd3 a6 9. a4 b6 10. Qe2 Bb7 11. Rd1 Rd8 12. Nc4 Nbd7 13. d5 b5 14. Ne3 c4 15. Bc2 Nc5 16. Nd2 g6 17.
f3 Bf8 18. Qf2 Bh6 19. Ndf1 bxa4 20. Bxa4 Nd3 21. Qh4 Kg7 22. Qxh6+ Kxh6 23. Nf5+ Kh5 24.
N1g3# 1-0

[Event "*** Titled Tuesday Blitz"]
[Site "Chess.com"]
[Date "2018.06.05"]
[Round "7"]
[White "GMMatamoros"]
[Black "Mr_Penings"]
[Result "1-0"]
[WhiteElo "2516"]
[BlackElo "2437"]
[TimeControl "180+2"]
[EndTime "14:37:01 PDT"]
[Termination "GMMatamoros won by resignation"]

1. Nf3 c5 2. c4 Nc6 3. Nc3 e5 4. d3 g6 5. a3 Bg7 6. b4 e4 7.
Nxe4 Bxa1 8. Bg5 Bf6 9. Nxf6+ Nxf6 10. Qa1 Nd4 11. Nxd4 h6 12. Nc6 Qb6 13. Qxf6 1-0

[Event "*** Titled Tuesday Blitz"]
[Site "Chess.com"]
[Date "2018.06.05"]
[Round "7"]
[White "Leo_C"]
[Black "lucasmito"]
[Result "0-1"]
[WhiteElo "2174"]
[BlackElo "2315"]
[TimeControl "180+2"]
[EndTime "14:37:08 PDT"]
[Termination "lucasmito won by resignation"]

1. d4 Nf6 2. c4 g6 3. f3 d5 4. cxd5 Nxd5 5. e4 Nb6 6. Nc3 Bg7 7. Be3 O-O 8. Qd2 Nc6 9. O-O-O e5 10. d5 Nd4 11. f4 Bg4 12. Re1 c5 13. fxe5 Bxe5 14. h3 Bd7 15. Nf3 Nxf3 16. gxf3 Rc8 17. f4 Bg7 18. h4 Na4 19. Nxa4 Bxa4 20. h5 c4 21. Bd4 c3 22. bxc3 Qa5 23. Kb2 Rxc3 24. Bxc3 Qb4+ 25. Kc1 Bxc3 0-1

[Event "*** Titled Tuesday Blitz"]
[Site "Chess.com"]
[Date "2018.06.05"]
[Round "7"]
[White "AlexanderKing"]
[Black "GGX0X0"]
[Result "1-0"]
[WhiteElo "2470"]
[BlackElo "2320"]
[TimeControl "180+2"]
[EndTime "14:37:09 PDT"]
[Termination "AlexanderKing won by resignation"]

1. d4 d5 2. c4 c6 3. Nf3 Nf6 4. e3 e6 5. b3 Nbd7 6. Bb2 Bd6 7. Bd3 O-O 8. O-O Qe7 9. Ne5 a5 10. f4 Ne4 11. a4 f6 12. Nxd7 Bxd7 13. Ba3 Bxa3 14. Nxa3 Be8 15. Bxe4 dxe4 16. c5 e5 17. fxe5 fxe5 18. Rxf8+ Qxf8 19. Nc4 exd4 20. Qxd4 Rd8 21. Qxd8 1-0

[Event "*** Titled Tuesday Blitz"]
[Site "Chess.com"]
[Date "2018.06.05"]
[Round "7"]
[White "Slovak_fighter2000"]
[Black "Fianchettoed-Tower"]
[Result "1-0"]
[WhiteElo "2395"]
[BlackElo "2321"]
[TimeControl "180+2"]
[EndTime "14:37:22 PDT"]
[Termination "Slovak_fighter2000 won by resignation"]

1. e4 c5 2. Nf3 d6 3. d4 cxd4 4. Nxd4 Nf6 5. Nc3 a6 6. h4 e5 7. Nb3 Be6 8. Bg5 Nbd7 9. g3 Be7 10. Bg2 Ng4 11. Bxe7 Qxe7 12. Nd5 Bxd5 13. Qxd5 Nb6 14. Qd2 O-O 15. O-O Rac8 16. Qe2 Nf6 17. c3 Rfd8 18.
Rfd1 Nc4 19. Rab1 b5 20. Nd2 Nd7 21. Bh3 Rc7 22. Nxc4 Rxc4 23. Bxd7 Rxd7 24. Rd5 Rdc7 25. Rbd1 R4c6 26. Qd3 Rd7 27. Kg2 Qd8 28. Rxe5 1-0

[Event "*** Titled Tuesday Blitz"]
[Site "Chess.com"]
[Date "2018.06.05"]
[Round "7"]
[White "Fighterman91"]
[Black "leoo2001"]
[Result "1-0"]
[WhiteElo "2600"]
[BlackElo "2329"]
[TimeControl "180+2"]
[EndTime "14:37:25 PDT"]
[Termination "Fighterman91 won by resignation"]

1. e4 e5 2. Nf3 Nc6 3. d4 exd4 4. Nxd4 Bb4+ 5. c3 Bc5 6. Be3 Bb6 7. Nf5 g6 8. Bxb6 axb6 9. Ne3 Nf6 10. f3 O-O 11. c4 d5 12. cxd5 Nxe4 13. fxe4 Qh4+ 14.
Ke2 Qxe4 15. Nd2 Bg4+ 16. Kf2 Qf4+ 17. Nf3 Ne5 18. Qd4 Qxd4 19. Nxd4 Rfd8 20. Nf3 Bxf3 21. gxf3 c6 22. f4 Nd7 23. Bg2 Nc5 24. Rhd1 Ra4 25.
dxc6 Rxd1 26. Rxd1 bxc6 27. Bxc6 Rxa2 28. Nc4 Na4 29. Rd2 Kg7 30. Ke3 Nc5 31. b4 Rxd2 32. Kxd2 Ne6 33. Nxb6 Nxf4 34. Nd7 1-0

[Event "*** Titled Tuesday Blitz"]
[Site "Chess.com"]
[Date "2018.06.05"]
[Round "7"]
[White "blitzcopter"]
[Black "awesomevishesh"]
[Result "1-0"]
[WhiteElo "2103"]
[BlackElo "2102"]
[TimeControl "180+2"]
[EndTime "14:37:50 PDT"]
[Termination "blitzcopter won by checkmate"]

1. e4 c5 2. Nc3 Nc6 3. g3 g6 4. Bg2 Bg7 5. d3 e6 6. Be3 d6 7.
Qd2 Rb8 8. Nf3 Nd4 9. Bxd4 cxd4 10. Nb5 Qb6 11. Qb4 Kd7 12. e5 dxe5 13. Nd2 Nh6 14. Nc4 Qa6 15. Qc5 f6 16. Qc7+ Ke8 17. Nbd6+ Kf8 18. Qd8# 1-0

[Event "*** Titled Tuesday Blitz"]
[Site "Chess.com"]
[Date "2018.06.05"]
[Round "7"]
[White "Martins-BR"]
[Black "talento10"]
[Result "0-1"]
[WhiteElo "2308"]
[BlackElo "2196"]
[TimeControl "180+2"]
[EndTime "14:37:50 PDT"]
[Termination "talento10 won by resignation"]

1. e4 c5 2. Nf3 d6 3. d4 cxd4 4. Nxd4 Nf6 5. Nc3 g6 6. Be3 Bg7 7. f3 O-O 8. Qd2 Nc6 9. g4 Nxd4 10. Bxd4 Be6 11. Nd5 Bxd5 12. exd5 Nd7 13. Bxg7 Kxg7 14. O-O-O Rh8 15. h4 h5 16. g5 Rc8 17. Qd4+ Kh7 18. Bd3 Qb6 19. Qf4 Ne5 20. Rhe1 Rhf8 21. Rxe5 dxe5 22.
Qxe5 Qd6 23. Qe4 Rfd8 24. Re1 Qxd5 25. Qf4 Qxd3 0-1

[Event "*** Titled Tuesday Blitz"]
[Site "Chess.com"]
[Date "2018.06.05"]
[Round "7"]
[White "ChrisTool2"]
[Black "EmreDedebas"]
[Result "1-0"]
[WhiteElo "2261"]
[BlackElo "2383"]
[TimeControl "180+2"]
[EndTime "14:37:57 PDT"]
[Termination "ChrisTool2 won by resignation"]

1. d4 Nf6 2. c4 e6 3. Nf3 b6 4.
a3 Ba6 5. Qc2 Bb7 6. Nc3 c5 7.
d5 exd5 8. cxd5 d6 9. e4 Be7 10.
Bf4 O-O 11. Bd3 a6 12. Rd1 b5 13. O-O Nbd7 14. e5 dxe5 15. Nxe5 Nxe5 16. Bxe5 Bd6 17. Bxf6 Qxf6 18. Bxh7+ Kh8 19. Ne4 Bxh2+ 20. Kxh2 Qh6+ 21. Kg3 Qxh7 22. Rh1 1-0